Map: Tourmaline LE

Players

XARSES

  • Race: Terran Terran
  • League: Master
  • Spawn Location: 7:00

SCIInewby - Winner!

  • Race: Protoss Protoss
  • League: Master
  • Spawn Location: 1:00

VOD

Have the link to the VOD?

Description

Time

  • Played on: Feb. 8, 2026, 1:48 p.m.
  • Length: 8:30
Show
View Real Time Build Order
Export as new Build Order

XARSES Terran 

Build Orders:  

Get SALT Encoding   

  12  0:02  SCV  
  13  0:14  SCV  
  14  0:22  Supply Depot  
  14  0:26  SCV  
  15  0:40  Refinery  
  15  0:43  SCV  
  15  0:47  Barracks  
  16  0:55  SCV  
  17  1:00  Supply Depot  
  17  1:08  SCV  
  18  1:20  SCV  
  19  1:32  SCV  
  20  1:35  Reaper  
  20  1:39  Engineering Bay  
  21  1:47  SCV  
  22  1:51  Refinery  
  22  1:59  SCV  
  23  2:04  Factory  
  23  2:11  SCV  
  23  2:14  Marine  
  25  2:25  Supply Depot  
  25  2:27  SCV  
  26  2:32  Marine  
  27  2:39  SCV  
  28  2:49  Marine  
  29  3:07  Marine  
  30  3:25  Marine  
  31  3:40  Command Center  
  31  3:43  Marine, Neosteel Armor  
  31  3:45  Factory Tech Lab  
  32  3:49  Starport  
  32  3:56  Orbital Command  
  32  3:58  Supply Depot  
  32  4:01  Marine  
  33  4:04  Siege Tank  
  36  4:19  Marine  
  37  4:26  Medivac  
  39  4:36  Marine  
  39  4:37  Barracks  
  40  4:42  Armory  
  40  5:23  Hi-Sec Auto Tracking  
  40  5:33  Medivac  
  40  5:34  Marine  
  43  5:39  Planetary Fortress  
  43  5:42  Missile Turret  
  42  5:48  Armory  
  42  5:49  Terran Vehicle Weapons Level 1  
  42  5:52  Marine  
  42  6:04  Barracks Tech Lab  
  42  6:10  Marine  
  43  6:20  Siege Tank  
  46  6:36  Marine  
  47  6:43  Supply Depot  
  47  6:51  Marine  
  47  6:54  Marine  
  40  7:14  Barracks Reactor  
  40  7:16  Command Center  
  40  7:18  Starport Reactor  
  40  7:24  Starport  
  40  7:27  Hellion  
  42  7:47  Refinery, Supply Depot  
  42  7:48  Hellion  
  44  7:54  SCV  
  36  8:07  SCV  
  36  8:10  Refinery  
Show
View Real Time Build Order
Export as new Build Order

SCIInewby Protoss - Winner!

Build Orders:  

Get SALT Encoding   

  12  0:02  Probe  
  13  0:14  Probe  
  14  0:22  Pylon  
  14  0:27  Probe  
  15  0:41  Gateway, Probe  
  16  0:57  Pylon  
  16  1:07  Probe  
  17  1:15  Probe  
  17  1:22  Forge  
  18  1:26  Probe, Assimilator  
  19  1:38  Probe  
  20  1:44  Zealot  
  22  1:50  Probe  
  23  2:07  Assimilator  
  23  2:14  Nexus  
  23  2:15  Probe  
  24  2:23  Probe  
  24  2:26  Zealot  
  27  2:32  Probe  
  27  2:33  Cybernetics Core  
  25  3:08  Probe  
  26  3:19  Photon Cannon  
  26  3:20  Probe  
  27  3:28  Pylon  
  27  3:29  Warp Gate  
  27  3:30  Pylon, Probe  
  27  3:33  Probe  
  28  3:39  Probe  
  28  3:40  Pylon  
  29  3:41  Probe  
  29  3:46  Protoss Ground Weapons Level 1  
  29  3:47  Probe  
  32  3:58  Probe  
  33  4:06  Probe  
  34  4:10  Probe  
  34  4:14  Gateway  
  35  4:19  Probe  
  35  4:23  Probe, Pylon  
  37  4:26  Pylon  
  37  4:29  Probe  
  38  4:32  Assimilator  
  38  4:35  Probe  
  38  4:37  Probe, Assimilator  
  39  4:44  Gateway  
  39  4:45  Probe  
  40  4:47  Probe, Gateway  
  42  4:55  Twilight Council  
  42  5:02  Photon Cannon  
  42  5:17  Pylon, Stalker  
  42  5:18  Stalker  
  46  5:21  Probe  
  46  5:22  Probe  
  46  5:28  Stargate  
  48  5:30  Stargate  
  48  5:33  Probe  
  49  5:44  Photon Cannon  
  49  5:51  Dark Shrine  
  49  5:54  Stalker x3  
  55  5:57  Zealot  
  57  6:19  Zealot x2  
  57  6:20  Zealot x2  
  57  6:23  Protoss Air Weapons Level 1  
  63  6:44  Zealot x4  
  67  7:13  Dark Templar x2  
  71  7:17  Dark Templar  
  73  7:37  Zealot  
  75  7:56  Zealot x3  
  81  8:10  Gateway  
  81  8:11  Gateway  
  79  8:14  Gateway  
  79  8:16  Gateway  
  77  8:22  Dark Templar x3  
  77  8:23  Dark Templar  
Tags
 
Matchup
PvT
Replay Pack
Multiplayer
Spawn Locations
Cross Positions
Add a new tag
Caveats
  • Supply blocks, unpowered buildings, or Contaminate may cause inaccurate times.
  • Supply counts are checked every 10 seconds.